 Dungeon Crawl Stone Soup version 0.18.1-50-g88ac8fd (webtiles) character file.

9887 GMan the Fighter (level 11, -8/100 HPs)
             Began as a Minotaur Berserker on Oct 8, 2016.
             Was a High Priest of Trog.
             Killed from afar by a gargoyle (16 damage)
             ... with a stone arrow
             ... on level 10 of the Dungeon.
             The game lasted 01:33:30 (13285 turns).

GMan the Fighter (Minotaur Berserker)              Turns: 13285, Time: 01:33:31

Health: -8/100     AC: 16    Str: 22    XL:     11   Next: 28%
Magic:  10/10      EV: 12    Int:  4    God:    Trog [*****.]
Gold:   161        SH:  6    Dex: 13    Spells: 0 memorised, 10 levels left

rFire  . . .     SeeInvis .     Q - +1 flail (freeze)
rCold  . . .     Gourm    .     C - +0 chain mail
rNeg   + . .     Faith    .     h - +0 buckler
rPois  .         Spirit   .     (helmet restricted)
rElec  .         Dismiss  .     m - +1 cloak {+Inv}
rCorr  .         Reflect  .     c - +0 pair of gloves
SustAt +         Harm     .     J - +0 pair of boots
MR     .....                    o - amulet of magic regeneration
Stlth  ..........               v - ring of positive energy
                                r - ring of sustain attributes

@: not resistant to hostile enchantments, extremely unstealthy
A: retaliatory headbutt, horns 2, mutation resistance 1, regeneration 1
a: Berserk, Trog's Hand, Brothers in Arms, Burn Spellbooks, Renounce Religion,
Evoke Invisibility


You were on level 10 of the Dungeon.
You worshipped Trog.
Trog was extremely pleased with you.
You were not hungry.

You visited 2 branches of the dungeon, and saw 11 of its levels.

You collected 441 gold pieces.
You spent 280 gold pieces at shops.

Inventory:

Hand Weapons
 a - a +0 mace
 n - a +0 whip
 p - a +0 whip
 t - a +0 flail
 z - a +0 dire flail
 Q - a +1 flail of freezing (weapon)
Missiles
 j - a throwing net (quivered)
Armour
 b - a +0 chain mail
 c - a +0 pair of gloves (worn)
 h - a +0 buckler (worn)
 m - a +1 cloak of invisibility (worn)
 C - a +0 chain mail (worn)
 J - a +0 pair of boots (worn)
Jewellery
 o - an amulet of magic regeneration (around neck)
 r - a ring of sustain attributes (left hand)
 v - a ring of positive energy (right hand)
 x - an uncursed ring of ice
Scrolls
 d - 3 scrolls of magic mapping
 f - a scroll of enchant weapon
 g - a scroll of amnesia
 q - 9 scrolls of remove curse
 u - a scroll of immolation
 y - 2 scrolls of recharging
 A - a scroll of identify
 B - a scroll of teleportation
 L - a scroll of enchant armour
Potions
 i - a potion of brilliance
 l - a potion of lignification
 K - 6 potions of curing
 N - a potion of heal wounds
Miscellaneous
 e - a plain deck of defence {drawn: 1}
Comestibles
 w - 6 fruits


   Skills:
 + Level 10.2 Fighting
 + Level 9.8 Maces & Flails
 + Level 9.6 Armour
 + Level 8.3 Dodging
 + Level 6.0 Stealth
 + Level 7.2 Shields


You had 10 spell levels left.
You didn't know any spells.

Dungeon Overview and Level Annotations

Branches:
Dungeon (10/15)            Temple (1/1) D:4            Lair (0/8) D:10
    Orc: D:9-12

Altars:
Ashenzari
Cheibriados
Dithmenos
Elyvilon
Fedhas
Gozag
Kikubaaqudgha
Makhleb
Nemelex Xobeh
Okawaru
Pakellas
Qazlal
Ru
Sif Muna
Trog
Vehumet
Xom
Yredelemnul
Zin
The Shining One

Shops:
D:6 **[((   D:7 =!}   D:9 %


Innate Abilities, Weirdness & Mutations

You reflexively headbutt those who attack you in melee.
You have a pair of horns on your head.
You are somewhat resistant to further mutation.
Your natural rate of healing is unusually fast.


Message History

You're too hungry to go berserk.
Eat which item? (? for menu, Esc to quit)
The hungry ghost hits you.
You are feeling very hungry.
The gargoyle hurls a stone arrow at you.
You block the stone arrow.
Yeuchh!
Anchovies.
Eat which item? (? for menu, Esc to quit)
The hungry ghost hits you.
You feel a lot more hungry.
The gargoyle hurls a stone arrow at you.
The stone arrow hits you!
* * * LOW HITPOINT WARNING * * *
You continue eating.
The hungry ghost barely misses you.
The gargoyle hits you but does no damage.
You continue eating.
The hungry ghost hits you.
You feel a lot more hungry.
The gargoyle hurls a stone arrow at you.
The stone arrow hits you!
You die...

######.####..#.##.##.#
##.#.#<...#....)#.#.#$##
..#.##..#.......†..#...#.
.....#...#.....).........#
#.....#...#...............
##...#.).#................
.....##.####......(.....$.
#...#..#.#.##...........##
.#..#.##........@W........
#...### .........9[.......
##.## .#...##..........
##.# #.... .#####..... ###
.### ## #.... .... ...


You could see a hungry ghost and a gargoyle.

Vanquished Creatures
  The ghost of GMan the Protected, a novice MiBe of Trog (D:9)
  A hill giant (D:6)
  A cyclops (D:9)
  An elephant (D:10)
  Joseph (D:7)
  A centaur skeleton (D:9)
  Grinder (D:5)
  2 wyverns (D:8)
  4 yaks
  2 hungry ghosts
  A steam dragon (D:10)
  A water moccasin (D:6)
  Duvessa (D:5)
  4 sky beasts
  4 ice beasts
  3 orc warriors
  3 phantoms
  10 ogres
  5 centaurs
  3 crocodiles
  The ghost of bftschaos the Chiller, an amateur MfIE of Makhleb (D:3)
  6 giant frogs
  2 gnoll sergeants
  2 water moccasin zombies
  A scorpion (D:8)
  Dowan (D:5)
  7 killer bees
  5 wights (D:7)
  6 howler monkeys
  2 crimson imps
  A giant frog zombie (D:8)
  A centaur zombie (D:5)
  A quasit (D:5)
  Crazy Yiuf (D:7)
  6 hounds
  7 orc wizards
  4 jellies
  2 giant frog skeletons
  2 orc priests
  2 iguanas
  Terence (D:3)
  9 worker ants
  A killer bee zombie (D:6)
  A sheep (D:10)
  A hound zombie (D:7)
  A hound skeleton (D:9)
  A worker ant zombie (D:5)
  12 gnolls
  3 howler monkey skeletons
  14 adders
  A shadow imp (D:5)
  An ooze (D:1)
  An adder skeleton (D:5)
  A worm (D:2)
  3 dart slugs
  6 giant geckos
  18 orcs
  A ball python (D:6)
  9 bats
  8 giant cockroaches
  7 goblins
  6 hobgoblins
  15 jackals
  6 quokkas
  A giant gecko skeleton (D:8)
  A giant newt (D:4)
  5 kobolds
  9 rats
  2 fungi (D:7)
255 creatures vanquished.

Notes
Turn   | Place    | Note
--------------------------------------------------------------
     0 | D:1      | GMan the Minotaur Berserker began the quest for the Orb.
     0 | D:1      | Reached XP level 1. HP: 19/19 MP: 0/0
   229 | D:1      | Reached XP level 2. HP: 27/27 MP: 1/1
   277 | D:1      | Reached skill level 4 in Fighting
   448 | D:1      | Reached ** piety under Trog
   558 | D:1      | Found a glowing golden altar of the Shining One.
   594 | D:1      | Reached XP level 3. HP: 27/33 MP: 2/2
   877 | D:2      | Found a sparkling altar of Nemelex Xobeh.
  1294 | D:2      | Reached XP level 4. HP: 37/41 MP: 3/3
  1779 | D:3      | Noticed Terence
  1788 | D:3      | Killed Terence
  1788 | D:3      | Reached skill level 1 in Stealth
  1962 | D:3      | Noticed bftschaos's ghost (amateur MfIE)
  1976 | D:3      | Killed bftschaos's ghost
  1976 | D:3      | Reached skill level 5 in Fighting
  1976 | D:3      | Reached XP level 5. HP: 18/48 MP: 4/4
  2095 | D:3      | Reached skill level 5 in Maces & Flails
  2585 | D:4      | Noticed a phantom
  2619 | D:4      | Killed a phantom
  2619 | D:4      | Reached XP level 6. HP: 34/56 MP: 5/5
  2904 | D:4      | Reached *** piety under Trog
  2926 | D:4      | Found Fim Ifea's Jewellery Shoppe.
  3276 | D:4      | Found a glowing golden altar of the Shining One.
  3279 | D:4      | Found a shimmering altar of Xom.
  3292 | D:4      | Reached XP level 7. HP: 42/62 MP: 6/6
  3450 | D:4      | Found an opulent altar of Gozag.
  3450 | D:4      | Found a snail-covered altar of Cheibriados.
  3450 | D:4      | Found a bloodstained altar of Trog.
  3452 | D:4      | Found a stormy altar of Qazlal.
  3453 | D:4      | Found an oddly glowing altar of Pakellas.
  3609 | D:4      | Found a snail-covered altar of Cheibriados.
  3615 | D:4      | Reached skill level 5 in Armour
  3655 | D:4      | Found a staircase to the Ecumenical Temple.
  3660 | Temple   | Entered the Ecumenical Temple
  3988 | D:5      | Entered Level 5 of the Dungeon
  4006 | D:5      | Reached skill level 6 in Fighting
  4256 | D:5      | You fall through a shaft for 3 floors!
  4322 | D:8      | Reached XP level 8. HP: 64/71 MP: 7/7
  4380 | D:8      | Reached skill level 5 in Dodging
  4380 | D:8      | Reached skill level 1 in Shields
  4501 | D:8      | Reached skill level 7 in Fighting
  5013 | D:7      | Found Zucir's Gadget Emporium.
  5022 | D:7      | Found Ampyonul's Distillery.
  5036 | D:7      | Bought 2 potions of curing for 84 gold pieces
  5036 | D:7      | Bought a potion of curing for 42 gold pieces
  5036 | D:7      | Bought a potion of curing for 42 gold pieces
  5057 | D:7      | Reached XP level 9. HP: 79/79 MP: 8/8
  5126 | D:7      | Noticed Joseph
  5156 | D:7      | Killed Joseph
  5509 | D:6      | Found Ruchi's Antique Weapon Boutique.
  5575 | D:6      | Noticed a hill giant
  5582 | D:6      | Killed a hill giant
  5582 | D:6      | Reached skill level 8 in Fighting
  6031 | D:6      | Found a glowing drain.
  6471 | D:5      | Noticed Duvessa
  6471 | D:5      | Noticed Dowan
  6472 | D:5      | Noticed Grinder
  6483 | D:5      | Killed Dowan
  6483 | D:5      | Reached **** piety under Trog
  6495 | D:5      | Killed Duvessa
  6508 | D:5      | Killed Grinder
  6734 | D:5      | Found a shattered altar of Ashenzari.
  6937 | D:5      | Reached skill level 5 in Shields
  7051 | D:5      | Reached XP level 10. HP: 88/90 MP: 9/9
  7392 | D:6      | Identified a scroll of acquirement
  7393 | D:6      | Got a scorched short sword
  7409 | D:6      | Found Jirusi's Antique Armour Shop.
  7533 | D:6      | Found Xigangi's General Store.
  7541 | D:6      | Bought a potion of heal wounds for 70 gold pieces
  7541 | D:6      | Bought a scroll of remove curse for 42 gold pieces
  7602 | D:6      | Found Ewotauc's General Store.
  7911 | D:6      | Found Zimolut's Antique Weapon Emporium.
  8462 | D:7      | Found Wylinot's Jewellery Shop.
  8469 | D:7      | Found a blossoming altar of Fedhas.
  8497 | D:7      | Reached skill level 9 in Fighting
  9474 | D:7      | Noticed Crazy Yiuf
  9480 | D:7      | Killed Crazy Yiuf
  9681 | D:8      | Found a shadowy altar of Dithmenos.
 10147 | D:8      | Reached skill level 5 in Stealth
 10264 | D:9      | Found an ancient bone altar of Kikubaaqudgha.
 10944 | D:9      | Reached ***** piety under Trog
 11205 | D:9      | Noticed a cyclops
 11243 | D:9      | Noticed GMan's ghost (novice MiBe)
 11527 | D:9      | Killed a cyclops
 12048 | D:9      | Killed GMan's ghost
 12048 | D:9      | Reached skill level 10 in Fighting
 12048 | D:9      | Reached XP level 11. HP: 83/99 MP: 10/10
 12207 | D:9      | Gained mutation: You are somewhat resistant to further mutation. [potion of beneficial mutation]
 12208 | D:9      | Gained mutation: Your natural rate of healing is unusually fast. [potion of beneficial mutation]
 12333 | D:9      | Found Umaa's Food Boutique.
 12354 | D:9      | Received a gift from Trog
 12778 | D:10     | Entered Level 10 of the Dungeon
 12958 | D:10     | Found a staircase to the Lair.
 13285 | D:10     | Killed from afar by a gargoyle

Skill      XL: |  1  2  3  4  5  6  7  8  9 10 11 |
---------------+----------------------------------+-----
Fighting       | 4 5 6 7 8 10 | 10.2
Maces & Flails | 4 5 6 7 8 9 |  9.8
Dodging        | 3 4 5 6 8 |  8.3
Armour         | 3 4 6 7 8 9 |  9.6
Stealth        | 1 3 4 5 6 |  6.0
Shields        | 3 5 6 7 |  7.2

Action                   |  1- 3 |  4- 6 |  7- 9 | 10-12 || total
-------------------------+-------+-------+-------+-------++-------
Melee: Mace              |    87 |    11 |       |       ||    98
       Headbutt          |    13 |    18 |    62 |    92 ||   185
       Flail             |       |   105 |   261 |   453 ||   819
Invok: Berserk           |       |     3 |     2 |     2 ||     7
       Burn Spellbooks   |       |       |     2 |     3 ||     5
Evoke: Deck              |       |       |       |     1 ||     1
  Use: Scroll            |     6 |     2 |     4 |     4 ||    16
       Potion            |       |     3 |     1 |     6 ||    10
 Stab: Sleeping          |     1 |       |       |       ||     1
  Eat: Chunk             |     1 |     2 |     4 |     5 ||    12
       Meat ration       |       |     1 |     1 |     2 ||     4
       Pizza             |       |     1 |       |     1 ||     2
       Bread ration      |       |       |     2 |     2 ||     4
       Fruit             |       |       |       |     4 ||     4
Armor: Animal skin       |     8 |       |       |       ||     8
       Scale mail        |    25 |    12 |       |       ||    37
       Chain mail        |       |    35 |   130 |   212 ||   377
Dodge: Dodged            |    53 |    51 |   114 |   198 ||   416
Block: Buckler           |       |       |    32 |    94 ||   126
